 Dungeon Crawl Stone Soup version 0.30-a0-269-gf0224bf7b6 (webtiles) character file.

Game seed: 2849539184553803503

42995 Iusername the Tortoise (level 13, 0/125 HPs)
             Began as a Minotaur Fighter on Oct 14, 2022.
             Was a Believer of Jiyva.
             Slain by a blink frog (1 damage)
             ... while petrified by a basilisk
             ... on level 5 of the Lair of Beasts.
             The game lasted 00:30:37 (23793 turns).

Iusername the Tortoise (Minotaur Fighter)          Turns: 23793, Time: 00:30:38

Health: 0/125      AC: 28    Str: 25    XL:     13   Next: 88%
Magic:  0/12       EV:  2    Int:  8    God:    Jiyva [**....]
Gold:   956        SH:  0    Dex: 17    Spells: 12/12 levels left

rFire   . . .      SeeInvis .    L - +1 battleaxe (elec)
rCold   + . .      Faith    .    (shield currently unavailable)
rNeg    + + +      Spirit   +    G - +6 plate armour
rPois   ∞          Reflect  .    (helmet restricted)
rElec   .          Harm     .    r - +0 cloak
rCorr   +          Rampage  .    H - +0 pair of gloves
Will    .....                    i - +0 pair of boots of Kiskiu {rC+ rCorr Int+3}
Stlth   ..........               u - amulet of guardian spirit
HPRegen 1.36/turn                v - +6 ring of dexterity
MPRegen 0.43/turn                x - ring of resist corrosion

@: mighty, agile, petrified, hasted, studying 2 skills, invisible
A: horns 2, retaliatory headbutt
a: Renounce Religion


You were on level 5 of the Lair of Beasts.
You worshipped Jiyva.
Jiyva was pleased with you.
You visited 2 branches of the dungeon, and saw 16 of its levels.

You collected 956 gold pieces.

Inventory:

Hand Weapons
 L - a +1 battleaxe of electrocution (weapon)
Missiles
 n - 4 javelins
 y - a throwing net
Armour
 i - the +0 pair of boots of Kiskiu (worn) {rC+ rCorr Int+3}
   (You found it on level 2 of the Lair of Beasts)

   Int:       It affects your intelligence (+3).
   rC:        It protects you from cold.
   rCorr:     It protects you from acid and corrosion.
 r - a +0 cloak (worn)
 G - a +6 plate armour (worn)
 H - a +0 pair of gloves (worn)
Jewellery
 j - an amulet of faith
 u - an amulet of guardian spirit (around neck)
 v - a +6 ring of dexterity (left hand)
 x - a ring of resist corrosion (right hand)
Wands
 a - a wand of flame (22) (quivered)
 b - a wand of mindburst (7)
 z - a wand of polymorph (9)
 B - a wand of quicksilver (14)
 I - a wand of charming (3)
Scrolls
 d - 3 scrolls of poison
 e - 2 scrolls of magic mapping
 f - 2 scrolls of amnesia
 k - 11 scrolls of teleportation
 p - a scroll of torment
 q - 4 scrolls of blinking
 s - 2 scrolls of fog
 t - a scroll of vulnerability
 C - 4 scrolls of identify
 J - 2 scrolls of brand weapon
Potions
 c - a potion of haste
 h - 6 potions of lignification
 l - 4 potions of brilliance
 m - 2 potions of cancellation
 o - 2 potions of flight
 w - a potion of magic
 D - 2 potions of mutation
 E - 4 potions of ambrosia
 K - 3 potions of invisibility
 M - 3 potions of curing
 N - 2 potions of heal wounds
Miscellaneous
 g - a phial of floods


   Skills:
 + Level 14.9 Fighting
 + Level 14.7 Axes
 + Level 16.6 Armour
 + Level 14.9 Shields


You had 12 spell levels left.
You didn't know any spells.
Your spell library contained the following spells:

 Spells                   Type           Power      Damage    Failure   Level
 Foxfire                  Conj/Fire      0%         2x1d4     96%         1
 Magic Dart               Conj           0%         1d3       96%         1
 Necrotise                Necr           0%         1d4       96%         1
 Shock                    Conj/Air       0%         1d3       96%         1
 Summon Small Mammal      Summ           0%         N/A       96%         1
 Cigotuvi's Dreadful Rot  Necr/Pois/Air  0%         N/A       99%         2
 Ensorcelled Hibernation  Hex/Ice        0%         N/A       99%         2
 Passwall                 Tmut/Erth      0%         N/A       99%         2
 Scorch                   Fire           0%         2d5       99%         2
 Searing Ray              Conj           0%         2d4       99%         2
 Call Canine Familiar     Summ           0%         N/A       100%        3
 Ignite Poison            Fire/Tmut/Pois 0%         N/A       100%        3
 Portal Projectile        Hex/Tloc       0%         N/A       100%        3
 Spider Form              Tmut/Pois      0%         N/A       100%        3
 Summon Guardian Golem    Hex/Summ       0%         N/A       100%        3
 Swiftness                Air            0%         N/A       100%        3
 Tukima's Dance           Hex            0%         N/A       100%        3
 Vampiric Draining        Necr           0%         2d6       100%        3
 Airstrike                Air            0%         2d(0-16)  100%        4
 Anguish                  Hex/Necr       0%         N/A       100%        4
 Dispel Undead            Necr           0%         3d6       100%        4
 Flame Wave               Conj/Fire      0%         2d4       100%        4
 Fulminant Prism          Conj/Hex       0%         3d6       100%        4
 Agony                    Necr           0%         N/A       100%        5
 Blade Hands              Tmut           0%         N/A       100%        5
 Fireball                 Conj/Fire      0%         3d3       100%        5
 Freezing Cloud           Conj/Ice/Air   0%         6-21      100%        5
 Death Channel            Necr           0%         N/A       100%        6
 Simulacrum               Ice/Necr       0%         N/A       100%        6
 Starburst                Conj/Fire      0%         6d3       100%        6
 Summon Cactus Giant      Summ           0%         N/A       100%        6
 Enfeeble                 Hex            0%         N/A       100%        7
 Polar Vortex             Ice            0%         N/A       100%        9
 Shatter                  Erth           0%         3d5*      100%        9


Dungeon Overview and Level Annotations

Branches:
Dungeon (11/15)            Temple (0/1) D:7            Lair (5/5) D:11
  Swamp (0/4) Lair:2       Spider (0/4) Lair:2        Slime (0/5) Lair:4
    Orc: D:9-12

Altars:
Ashenzari
Cheibriados
Dithmenos
Fedhas
Sif Muna
Xom
Yredelemnul
The Shining One
Jiyva

Shops:
D:10 =

Portals:
Trove: D:10 (give +6 fire dragon scales)


Innate Abilities, Weirdness & Mutations

You have a pair of horns on your head.
You reflexively headbutt those who attack you in melee.


Message History

The blink frog blinks!
The small abomination barely misses you.
The blink frog blinks!
The chaos spawn hits you but does no damage.
The blink frog hits you.
* * * LOW HITPOINT WARNING * * *
The blink frog blinks!
The chaos spawn grows dozens of eye stalks in order to get a better look at you.
The chaos spawn hits you!
* * * LOW HITPOINT WARNING * * *
You feel more agile all of a sudden.
The small abomination hits you but does no damage.
The blink frog hits you but does no damage.
The blink frog blinks! x2; The small abomination hits you.
* * * LOW HITPOINT WARNING * * *
The blink frog hits you!
* * * LOW HITPOINT WARNING * * *
The chaos spawn hits you.
* * * LOW HITPOINT WARNING * * *
You resist with almost no effort. The chaos spawn hits you.
* * * LOW HITPOINT WARNING * * *
The chaos spawn shocks you!
* * * LOW HITPOINT WARNING * * *
The small abomination hits you.
* * * LOW HITPOINT WARNING * * *
The blink frog hits you but does no damage.
The chaos spawn gores you!
* * * LOW HITPOINT WARNING * * *
You fade into invisibility!
The chaos spawn gores you!
* * * LOW HITPOINT WARNING * * *
You feel more agile all of a sudden. The blink frog barely misses you.
The small abomination hits you.
* * * LOW HITPOINT WARNING * * *
The chaos spawn hits you.
* * * LOW HITPOINT WARNING * * *
The chaos spawn freezes you. You resist.
* * * LOW HITPOINT WARNING * * *
The blink frog hits you.
You die...

♣♣....♣ ♣...
♣♣.....♣ ♣♣♣♣...
♣l....♣♣.♣♣♣.♣♣...
♣....♣♣♣..♣÷..♣...
♣♣..♣♣♣♣♣.÷......P
♣♣..♣♣..♣.÷♣♣...#.
♣♣..♣♣♣.....♣♣...#.
♣4.F♣♣).....♣♣.....
♣.@♣♣♣♣♣♣♣.♣♣♣.P#..
♣.4x♣ ♣.♣ ♣.##..
♣...♣♣ ♣♣♣ ♣..##.
♣....♣ ♣..##.
♣...F♣ ♣.###.
♣...♣♣ ..#... ....
♣...... ♣....
♣♣♣.... ♣....


You could see 2 blink frogs, 2 chaos spawn and a small abomination (unable to
see you).

Vanquished Creatures
  Gastronok (Lair:2)
  2 boulder beetles
  A two-headed ogre (D:9)
  A death yak (Lair:4)
  The ghost of Monkooky the Trooper, a novice DsRe of Sif Muna (D:9)
  A tengu warrior (D:10)
  A lindwurm (Lair:4)
  Pikel (D:9)
  A bog body (Lair:2)
  4 ugly things
  4 manticores
  A wolf spider (D:10)
  Maurice (D:8)
  2 cyclopes
  10 elephants
  5 black mambas
  A gargoyle (D:11)
  Maggie (D:8)
  7 cane toads
  2 unseen horrors (D:11)
  7 rime drakes
  6 komodo dragons
  A freezing wraith (D:10)
  An ancient zyme (Lair:5)
  A troll (D:10)
  2 polar bears (Lair:3)
  A queen bee (Lair:4)
  3 meliai (Lair:4)
  A slime creature (D:10)
  9 blink frogs
  A shadow (D:6)
  43 yaks
  7 wyverns
  8 small abominations (Lair:5)
  6 basilisks
  A steam dragon (D:9)
  3 wargs (D:11)
  Edmund (D:5)
  2 swamp worms (Lair:2)
  11 water moccasins
  3 orc warriors
  2 black bears
  An ice beast (D:6)
  A sky beast (D:7)
  9 centaurs
  2 ogres (D:7)
  3 wolves (Lair:4)
  A phantom (D:7)
  2 lemures (D:9)
  3 kobold brigands
  10 bullfrogs
  2 scorpions
  4 gnoll sergeants
  8 wights
  35 killer bees
  3 electric eels (Lair:2)
  5 howler monkeys
  A bullfrog zombie (D:4)
  15 jellies
  9 orc priests
  2 hounds
  Crazy Yiuf (D:7)
  A bullfrog skeleton (D:4)
  A centaur skeleton (D:4)
  Natasha (D:4)
  2 iguanas
  10 orc wizards
  A scorpion zombie (D:4)
  3 hound zombies (D:4)
  A hound skeleton (D:4)
  26 gnolls
  A river rat (Lair:4)
  9 adders
  2 shadow imps
  13 white imps
  An ufetubus (D:7)
  An adder zombie (D:4)
  An adder skeleton (D:4)
  2 dart slugs (D:1)
  29 orcs
  4 bats
  4 endoplasms
  4 giant cockroaches
  7 goblins
  6 hobgoblins
  21 kobolds
  3 quokkas
  7 ball pythons
  A frilled lizard (D:1)
  3 rats
450 creatures vanquished.

Vanquished Creatures (others)
  A cane toad (Lair:4)
  2 wolves (Lair:4)
  9 killer bees (Lair:4)
  26 jellies
  A gnoll bouda (Lair:4)
  24 fungi
  106 plants
  9 withered plants (D:4)
178 creatures vanquished.

Grand Total: 628 creatures vanquished

Notes
Turn   | Place    | Note
-------+----------+-------------------------------------------
     0 | D:1      | Iusername the Minotaur Fighter began the quest for the Orb.
     0 | D:1      | Reached XP level 1. HP: 19/19 MP: 0/0
   172 | D:1      | Reached XP level 2. HP: 25/27 MP: 1/1
   771 | D:2      | Reached skill level 4 in Armour
   771 | D:2      | Reached XP level 3. HP: 31/33 MP: 2/2
  1668 | D:3      | Reached XP level 4. HP: 31/41 MP: 3/3
  2139 | D:4      | Found a basalt altar of Yredelemnul.
  2146 | D:4      | Reached XP level 5. HP: 47/47 MP: 4/4
  2274 | D:4      | Noticed a black bear
  2285 | D:4      | Killed a black bear
  2286 | D:4      | Reached skill level 5 in Fighting
  2286 | D:4      | Reached skill level 5 in Armour
  2286 | D:4      | Reached skill level 5 in Shields
  2286 | D:4      | Reached XP level 6. HP: 29/56 MP: 2/5
  3115 | D:4      | Noticed Natasha
  3116 | D:4      | Found the +4 dagger "Morg" {pain, Will+ Int+5}
  3122 | D:4      | Killed Natasha
  4047 | D:5      | Entered Level 5 of the Dungeon
  4058 | D:5      | Reached skill level 5 in Axes
  4058 | D:5      | Reached XP level 7. HP: 58/62 MP: 6/6
  4300 | D:5      | Reached skill level 6 in Armour
  4693 | D:5      | Noticed Edmund
  4703 | D:5      | Killed Edmund
  4789 | D:5      | Reached XP level 8. HP: 71/71 MP: 7/7
  5458 | D:6      | Reached skill level 7 in Armour
  5900 | D:6      | Reached XP level 9. HP: 54/81 MP: 8/8
  5903 | D:6      | Reached skill level 8 in Armour
  7028 | D:7      | Found a runed translucent door.
  7029 | D:7      | Noticed Crazy Yiuf
  7132 | D:7      | Killed Crazy Yiuf
  7739 | D:7      | Found a staircase to the Ecumenical Temple.
  7982 | D:8      | Reached skill level 9 in Armour
  8615 | D:8      | Noticed Maurice
  8627 | D:8      | Killed Maurice
  8737 | D:8      | Reached XP level 10. HP: 88/91 MP: 6/9
  8913 | D:8      | Noticed Maggie
  8920 | D:8      | Killed Maggie
  9566 | D:8      | Found a snail-covered altar of Cheibriados.
  9711 | D:8      | Found a shimmering altar of Xom.
  9754 | D:8      | Found a shadowy altar of Dithmenos.
 10163 | D:9      | Reached skill level 10 in Armour
 10164 | D:9      | Reached skill level 10 in Fighting
 10164 | D:9      | Reached skill level 10 in Shields
 10365 | D:9      | Found a runed translucent gate.
 10475 | D:9      | Noticed a two-headed ogre
 10482 | D:9      | Killed a two-headed ogre
 10673 | D:9      | Reached skill level 10 in Axes
 11174 | D:9      | Noticed Pikel
 11181 | D:9      | Killed Pikel
 11622 | D:9      | Found a runed translucent gate.
 11622 | D:9      | Found a runed translucent gate.
 11623 | D:9      | Noticed Monkooky's ghost (novice DsRe)
 11683 | D:9      | Found a glowing golden altar of the Shining One.
 12340 | D:9      | Killed Monkooky's ghost
 12465 | D:10     | Entered Level 10 of the Dungeon
 12483 | D:10     | Found Qoecheaj's Jewellery Emporium.
 12530 | D:10     | Reached XP level 11. HP: 97/101 MP: 7/10
 12610 | D:10     | Noticed a wolf spider
 12619 | D:10     | Killed a wolf spider
 12620 | D:10     | Reached skill level 11 in Armour
 12782 | D:10     | Noticed a tengu warrior
 12797 | D:10     | Killed a tengu warrior
 13171 | D:10     | Noticed a white ugly thing
 13172 | D:10     | Noticed a cyan ugly thing
 13180 | D:10     | Killed a white ugly thing
 13183 | D:10     | Killed a white ugly thing
 13495 | D:10     | Found a portal to a secret trove of treasure.
 13962 | D:10     | Found a large runed translucent door.
 13963 | D:10     | Found a large runed translucent door.
 13982 | D:10     | Found a broken altar of Ashenzari.
 14000 | D:10     | Found a blossoming altar of Fedhas.
 14305 | D:11     | Noticed a cyan ugly thing
 14312 | D:11     | Killed a cyan ugly thing
 14350 | D:11     | Reached skill level 12 in Armour
 15059 | D:11     | Found a shimmering blue altar of Sif Muna.
 15073 | D:11     | Found a staircase to the Lair.
 15983 | Lair:1   | Entered Level 1 of the Lair of Beasts
 16021 | Lair:1   | Reached XP level 12. HP: 112/112 MP: 11/11
 18063 | Lair:2   | Identified the +0 pair of boots of Kiskiu {rC+ rCorr Int+3}
 18166 | Lair:2   | Found a staircase to the Swamp.
 18220 | Lair:2   | Reached skill level 13 in Armour
 18775 | Lair:2   | Identified a scroll of acquirement
 18778 | Lair:2   | Acquired a manual of Armour
 18900 | Lair:2   | Noticed a boulder beetle
 18928 | Lair:2   | Killed a boulder beetle
 19401 | Lair:2   | Found a hole to the Spider Nest.
 19528 | Lair:2   | Noticed Gastronok
 19538 | Lair:2   | Killed Gastronok
 19540 | Lair:2   | Reached skill level 14 in Armour
 20372 | Lair:3   | Reached XP level 13. HP: 101/123 MP: 12/12
 21481 | Lair:4   | Found a staircase to the Slime Pits.
 21481 | Lair:4   | Found a viscous altar of Jiyva.
 21505 | Lair:4   | Became a worshipper of Jiyva Jevoef the Shapeless
 21765 | Lair:4   | Reached skill level 15 in Armour
 22445 | Lair:4   | Reached * piety under Jiyva
 22796 | Lair:4   | Reached skill level 16 in Armour
 23072 | Lair:4   | Got Bifik's Folio of Silt and the Spider
 23277 | Lair:4   | Reached ** piety under Jiyva
 23344 | Lair:5   | Entered Level 5 of the Lair of Beasts
 23792 | Lair:5   | HP: 6/125 [chaos spawn (5)]
 23793 | Lair:5   | HP: 1/125 [chaos spawn (2)]
 23793 | Lair:5   | Slain by a blink frog

Illustrated notes

Levels and vault maps discovered:
D:1:      dpeg_arrival_court, layout_loops_ring
D:2:      layout_basic, serial_bayou, serial_bayou_shore_a, serial_bayou_pond_e,
          serial_bayou_pond_d, serial_bayou_pond_e, minmay_crystal_water,
          serial_bayou_lagoon_a
D:3:      layout_rooms
D:4:      layout_basic, nicolae_yredelemnul_corpse_copse,
          dilly_guarded_unrand_morg
D:5:      layout_cave_pools, fountainhead, uniq_edmund
D:6:      layout_basic, hangedman_minor_gate_pass
D:7:      layout_cave_pools, minmay_temple_entry_fiery, uniq_crazy_yiuf_cottage
D:8:      layout_layer_cave, kennysheep_mini_moat, mainiacjoe_overflow_swirl,
          uniq_maurice, uniq_maggie
D:9:      layout_grid_maze, marbit_many_paths, ebering_ghost_rock_garden,
          enter_bailey_7, uniq_pikel
D:10:     minmay_the_grid_net [minmay_the_grid_empty,
          minmay_the_grid_stretched_grid, minmay_the_grid_large_cup,
          minmay_the_grid_garden, minmay_the_grid_minigrid_small_alt,
          minmay_the_grid_prize_big_room], layout_cave_pools,
          jmf_multi_god_temple2, serial_shops, nicolae_shop_behind_doors,
          nicolae_trove_entry_columns
D:11:     layout_loops_ring, erik_lair_orcish_takeover,
          portal_ice_cave_entry_imps, nicolae_sif_muna_little_library
Lair:1:   layout_misc_corridors, infiniplex_staircase_pool, grunt_megastairs_2,
          serial_bayou_shore_b
Lair:2:   layout_misc_corridors, nicolae_swamp_entry_splash_gauntlet,
          spider_nest_entry_web_field, serial_bayou_lagoon_b, uniq_gastronok
Lair:3:   layout_cave_pods
Lair:4:   regret_index_bee_streams, layout_hall_layers,
          minmay_slime_entry_jelly_boxes, dreamdust_gnoll_shepherd,
          lemuel_fruit_tree
Lair:5:   hellmonk_lair_end_abyssal_woods, layout_loops_ring

Skill      XL: |  1  2  3  4  5  6  7  8  9 10 11 12 13 |
---------------+----------------------------------------+-----
Fighting       | 4 5 6 7 9 10 12 13 14 | 14.9
Axes           | 3 4 5 6 7 9 10 12 13 14 | 14.7
Armour         | 4 5 6 7 9 10 12 14 16 | 16.6
Shields        | 4 5 6 7 9 10 12 13 14 | 14.9

Action                   |  1- 3 |  4- 6 |  7- 9 | 10-12 | 13-15 || total
-------------------------+-------+-------+-------+-------+-------++-------
Melee: War axe           |    85 |   108 |   257 |    14 |       ||   464
       Headbutt          |     8 |    16 |    61 |    81 |    59 ||   225
       Broad axe         |       |       |       |   293 |       ||   293
       Battleaxe         |       |       |       |   154 |   260 ||   414
Evoke: Wand              |       |       |       |    12 |       ||    12
  Use: Scroll            |       |     7 |     5 |    17 |     5 ||    34
       Potion            |       |     2 |     4 |    14 |     2 ||    22
Armor: Scale mail        |    32 |    60 |   131 |     5 |       ||   228
       Plate armour      |       |       |       |   454 |   292 ||   746
Dodge: Dodged            |    35 |    71 |   132 |   203 |   151 ||   592
Block: Buckler           |    12 |    41 |    78 |       |       ||   131
       Kite shield       |       |       |    19 |     9 |       ||    28

Table legend: (Time is in decaauts)
 A = Elapsed time spent in this place.
 B = Non-inter-level travel time spent in this place.
 C = Inter-level travel time spent in this place.
 D = Time resting spent in this place.
 E = Time spent auto-exploring this place.
 F = Levels seen in this place.
 G = Mean time per level.
                   A        B        C        D        E       F      G
               +--------+--------+--------+--------+--------+-----+--------+
         Total |  23919 |  23412 |    507 |   9342 |  11212 |  16 | 1494.9 |
       Dungeon |  16082 |  15783 |    299 |   5912 |   8011 |  11 | 1462.0 |
          Lair |   7837 |   7629 |    208 |   3430 |   3200 |   5 | 1567.4 |
               +--------+--------+--------+--------+--------+-----+--------+

Top non-repeatable levels by time:
     D:9: 2559 daAuts
     D:8: 2070 daAuts
  Lair:1: 2034 daAuts
  Lair:2: 1953 daAuts
     D:4: 1943 daAuts
    D:11: 1926 daAuts
  Lair:4: 1876 daAuts
    D:10: 1579 daAuts
  Lair:3: 1526 daAuts
     D:7: 1377 daAuts
     D:5: 1353 daAuts
     D:6: 1077 daAuts
     D:2: 943 daAuts
     D:1: 652 daAuts
     D:3: 598 daAuts
